 Dungeon Crawl Stone Soup version 0.22-a0-833-g8522bf8125 (webtiles) character file.

235 Htamos the Skirmisher (level 6, -9/61 HPs)
             Began as a Gargoyle Fighter on July 25, 2018.
             Mangled by an orc
             ... wielding a +2 short sword of electrocution
              (19 damage)
             ... on level 4 of the Dungeon.
             The game lasted 00:02:47 (3380 turns).

Htamos the Skirmisher (Gargoyle Fighter)            Turns: 3380, Time: 00:02:48

Health: -9/61      AC: 23    Str: 19    XL:     6   Next: 5%
Magic:  6/6        EV:  2    Int:  9    God:
Gold:   78         SH:  0    Dex: 11    Spells: 5/5 levels left

rFire    . . .     SeeInvis .   a - +0 flail
rCold    . . .     Gourm    .   c - +0 shield
rNeg     + + +     Faith    .   (armour currently unavailable)
rPois    ∞         Spirit   .   (helmet currently unavailable)
rElec    .         Reflect  .   (cloak currently unavailable)
rCorr    .         Harm     .   (gloves currently unavailable)
MR       .....     NoTele   +   (boots currently unavailable)
Stlth    +.........             (no amulet)
HPRegen  0.20/turn              (no ring)
MPRegen  0.10/turn              (no ring)

@: confused, tree-form, hasted, very quick
A: negative energy resistance 1, petrification resistance, rot immunity, AC +4
a: no special abilities


You were on level 4 of the Dungeon.
You were very hungry.
You were a tree.
You visited 1 branch of the dungeon, and saw 4 of its levels.

You collected 78 gold pieces.

Inventory:

Hand Weapons
 a - a +0 flail (weapon)
Armour
 b - a +0 scale mail (melded)
 c - a +0 shield (worn)
Jewellery
 t - a cursed -3 ring of intelligence {unknown}
Scrolls
 i - 6 scrolls of identify {unknown}
 j - 3 scrolls of teleportation {unknown}
 k - a scroll of enchant weapon {unknown}
 m - a scroll of enchant armour {unknown}
 n - a scroll of immolation {unknown}
 q - a scroll of remove curse {unknown}
 r - a scroll of fog {unknown}
 s - a scroll of random uselessness {unknown}
Potions
 d - a potion of might
 e - a potion of flight
 h - a potion of haste
 l - a potion of ambrosia
 o - a potion of curing {unknown}
 p - a potion of agility {unknown}
 u - a potion of degeneration {unknown}
 v - a potion of magic {unknown}
Comestibles
 f - 6 rations


   Skills:
 * Level 6.2 Fighting
 + Level 3.7 Maces & Flails
 - Level 3.2 Armour
 - Level 3.2 Shields


You had 5 spell levels left.
You didn't know any spells.
Your spell library contained the following spells:

 Spells                   Type           Power        Failure   Level  Hunger
 Magic Dart               Conj           #...         88%         1    ##.....
 Conjure Flame            Conj/Fire      #.......     99%         3    ####...
 Slow                     Hex            #.......     95%         2    ###....
 Mephitic Cloud           Conj/Pois/Air  #.......     99%         3    ####...
 Blink                    Tloc           N/A          95%         2    ###....
 Call Imp                 Summ           #.......     95%         2    ###....


Dungeon Overview and Level Annotations

Branches:
Dungeon (4/15)
 Temple: D:4-7

Altars:
Cheibriados
Gozag
Zin


Innate Abilities, Weirdness & Mutations

You are resistant to torment.
((Your stone body is resilient. (AC +4)))
You are immune to poison.
You resist negative energy. (rN+)
((You are resistant to electric shocks. (rElec)))
((You can survive without breathing.))
You are immune to petrification.
You are immune to rotting.


Message History

It was a potion of flight.
You feel very buoyant.
You fly up into the air.
The orc wizard points at you and mumbles some strange words.
The magic dart hits you!
* * * LOW HITPOINT WARNING * * *
The orc priest looks encouraged for a moment.
It was a potion of lignification.
You turn into a tree.
Your +0 scale mail melds into your body.
Your roots penetrate the ground.
The orc wizard casts a spell at you. The magic dart hits you!
* * * LOW HITPOINT WARNING * * *
It was a potion of ambrosia.
You are confused.
You feel invigorated.
The orc wizard hits you but does no damage.
It was a potion of haste.
You feel yourself speed up. The orc hits you but does no damage.
You are electrocuted!
You die...

....................
....................
.......................... ..#
.................##..........#
#.###..###.#................#
#..###.#................#
#.......o............#..
#.####.ooo.............# #+
###♣o.............##
#.##.##.........##
#.##.##.#.>.##..##
#.................
#.##....##........
##+##..............
#........##...#....
#......#.##...#.###
#......#.##...#....


You could see 2 orc priests, an orc wizard and 2 orcs.

Vanquished Creatures
  An orc priest (D:4)
  2 iguanas (D:4)
  A gnoll (D:1)
  6 adders
  An ooze (D:1)
  3 worms
  3 dart slugs
  2 leopard geckos
  9 orcs
  4 bats
  4 giant cockroaches
  5 goblins
  3 hobgoblins (D:1)
  5 jackals (D:1)
  2 kobolds
  4 frilled lizards
  A quokka skeleton (D:4)
  8 rats
64 creatures vanquished.

Notes
Turn   | Place    | Note
-------+----------+-------------------------------------------
     0 | D:1      | Htamos the Gargoyle Fighter began the quest for the Orb.
     0 | D:1      | Reached XP level 1. HP: 14/14 MP: 1/1
   109 | D:1      | Reached XP level 2. HP: 20/20 MP: 2/2
   204 | D:1      | Reached skill level 4 in Fighting
   385 | D:1      | Reached XP level 3. HP: 24/24 MP: 3/3
  1139 | D:2      | Reached XP level 4. HP: 23/30 MP: 4/4
  1207 | D:2      | Found a glowing silver altar of Zin.
  1316 | D:2      | Reached skill level 5 in Fighting
  1924 | D:3      | Found a snail-covered altar of Cheibriados.
  2338 | D:3      | Reached XP level 5. HP: 35/35 MP: 5/5
  2543 | D:3      | Found an opulent altar of Gozag.
  3127 | D:4      | Reached skill level 6 in Fighting
  3364 | D:4      | Reached XP level 6. HP: 41/41 MP: 6/6
  3378 | D:4      | HP: 1/61 [orc wizard/magic dart (3)]
  3380 | D:4      | Mangled by an orc

Vault maps used:
D:1:      dpeg_arrival_refuge
D:2:      lemuel_coloured_pillars_altar
D:3:      marbit_many_paths, kennysheep_slug_shrine
D:4:      nicolae_dithmenos_through_a_glass_darkly, uniq_crazy_yiuf_cottage

Skill      XL: |  1  2  3  4  5 |
---------------+----------------+-----
Fighting       | 4 5 6 |  6.2
Maces & Flails | 3 |  3.7
Armour         | |  3.2
Shields        | |  3.2

Action                   |  1- 3 |  4- 6 || total
-------------------------+-------+-------++-------
Melee: Flail             |   134 |   148 ||   282
  Use: Potion            |       |     4 ||     4
  Eat: Chunk             |     1 |     6 ||     7
Armor: Scale mail        |    75 |    64 ||   139
       Skin              |       |     1 ||     1
Dodge: Dodged            |    44 |    50 ||    94
Block: Shield            |    67 |    75 ||   142

Table legend:
 A = Spawn XP
 B = Non-spawn XP
 C = Spawn XP percentage of total XP
 D = Spawn monster count
 E = Non-spawn monster count
 F = Spawn count percentage of total count
 G = Total turns spent on level
                    A         B        C        D         E        F      G
               +---------+---------+-------+---------+---------+-------+---------
         Total |       0 |     336 |   0.0 |       0 |      64 |   0.0 |  3380
               +---------+---------+-------+---------+---------+-------+---------
           D:1 |       0 |      64 |   0.0 |       0 |      27 |   0.0 |   841
           D:2 |       0 |      58 |   0.0 |       0 |       9 |   0.0 |   858
           D:3 |       0 |      72 |   0.0 |       0 |      19 |   0.0 |  1106
           D:4 |       0 |     142 |   0.0 |       0 |       9 |   0.0 |   575
               +---------+---------+-------+---------+---------+-------+---------
